cohdb
Replays
Latest Replays
All Replays
Popular Replays
Top Player Replays
Match Explorer
How It Works
Community
CoH3 Stats
Reddit
Sign in to upload your games and track your stats! →
Sign in with Steam
Match 26296684
Unlisted
Match 26296684
Overview
Messages
Build Orders
End
Construct Infanterie Kompanie
Selects Luftwaffe Battlegroup
Selects Luftwaffe Pioneer Support
Fallschirmpioneer Squad Paradrop
MG 42 Machine Gun Team
MG 42 Machine Gun Team
GrW 34 Mortar Team
Selects Stuka Strafing Run
Stuka Strafing Run
Construct Luftwaffe Kompanie
MG 42 Bunker
Support Elements
Wirbelwind Flakpanzer
Selects Fallschirmjäger Squad Paradrop
Jäger Squad
Construct Panzergrenadier Kompanie
Stuka Strafing Run
Nebelwerfer 42 Rocket Launcher Team
Pak 40 Anti-tank Gun Team
Selects Stuka Loiter
Stuka Loiter
Construct Panzer Kompanie
Panzer IV Medium Tank
Joraad
Professor Heisenberg
Aculaser
♪『Twilight Sparkle』♪MLP
FATMAN
BBQman
JVM
新年辞旧喜洋洋
0
0
Comments
sign in to comment!
No comments posted yet!